 Dungeon Crawl Stone Soup version 0.23-a0-183-gf37f6fb109 (webtiles) character file.

13840 CheiIsBae the Destroyer (level 11, -2/151 HPs)
             Began as a Green Draconian Ice Elementalist on Sept 21, 2018.
             Was an Elder of Sif Muna.
             Slain by a two-headed ogre
             ... wielding a +0 giant club
              (12 damage)
             ... on level 10 of the Dungeon.
             The game lasted 00:43:58 (15628 turns).

CheiIsBae the Destroyer (DrIE)                     Turns: 15628, Time: 00:43:59

Health: -2/151     AC: 11    Str: 13    XL:     11   Next: 80%
Magic:  1/23       EV: 21    Int: 26    God:    Sif Muna [****..]
Gold:   350        SH:  0    Dex: 19    Spells: 17/27 levels left

rFire    . . .     SeeInvis .   x - +9 scimitar "Spiderbane" {slice, Int+4 Dex+6}
rCold    + + .     Gourm    .   (no shield)
rNeg     . . .     Faith    .   (armour unavailable)
rPois    +         Spirit   .   (helmet restricted)
rElec    .         Reflect  .   q - +0 cloak
rCorr    .         Harm     .   a - +0 pair of gloves
MR       .....                  h - +1 pair of boots
Stlth    ..........             (no amulet)
HPRegen  0.35/turn              r - +6 ring of evasion
MPRegen  0.18/turn              t - ring of Giedwy {rPois rC++ Str-3 Int+3 Dex+2}

@: berserking, divine energy, very quick
A: breathe noxious fumes, unfitting armour, poison resistance, cold-blooded, AC
+7
a: Breathe Noxious Fumes, Stop Divine Energy, Channel Magic, Forget Spell,
Renounce Religion


You were on level 10 of the Dungeon.
You worshipped Sif Muna.
Sif Muna was greatly pleased with you.
You were not hungry.

You visited 2 branches of the dungeon, and saw 11 of its levels.

You collected 482 gold pieces.
You spent 132 gold pieces at shops.

Inventory:

Hand Weapons
 s - a +0 whip of flaming
 x - the +9 scimitar "Spiderbane" (weapon) {slice, Int+4 Dex+6}
   (You found it on level 8 of the Dungeon)

   It inflicts extra damage upon your enemies.
   It affects your intelligence (+4).
   It affects your dexterity (+6).
Armour
 a - a +0 pair of gloves (worn)
 h - a +1 pair of boots (worn)
 q - a +0 cloak (worn)
Jewellery
 n - an uncursed ring of protection from fire
 r - a +6 ring of evasion (left hand)
 t - the ring of Giedwy (right hand) {rPois rC++ Str-3 Int+3 Dex+2}
   (You found it on level 4 of the Dungeon)

   [ring of poison resistance]

   It affects your strength (-3).
   It affects your intelligence (+3).
   It affects your dexterity (+2).
   It greatly protects you from cold.
   It protects you from poison.
Wands
 e - a wand of paralysis (9)
 f - a wand of polymorph (11)
 j - a wand of flame (16)
 v - a wand of acid (19)
 w - a wand of disintegration (23)
Scrolls
 c - a scroll of magic mapping
 g - 3 scrolls of amnesia
 i - 2 scrolls of remove curse
 y - 4 scrolls of identify
Potions
 p - a potion of flight
 u - a potion of mutation {unknown}
 z - a potion of invisibility {unknown}
Comestibles
 b - 15 rations
 d - 4 chunks of flesh


   Skills:
 - Level 10.4 Fighting
 * Level 4.7 Dodging
 - Level 1.7 Stealth
 + Level 8.7 Spellcasting
 + Level 10.6 Conjurations
 - Level 6.0 Ice Magic
 - Level 6.0 Invocations


You had 17 spell levels left.
You knew the following spells:

 Your Spells              Type           Power        Failure   Level  Hunger
a - Freeze                Ice            ####         1%          1    None
b - Throw Frost           Conj/Ice       ######       1%          2    None
c - Throw Icicle          Conj/Ice       ######..     1%          4    ##.....
d - Conjure Flame         Conj/Fire      #####...     1%          3    None

Your spell library contained the following spells:

 Spells                   Type           Power        Failure   Level  Hunger
 Flame Tongue             Conj/Fire      #####        1%          1    None
 Throw Flame              Conj/Fire      #####.       1%          2    None
 Ozocubu's Armour         Chrm/Ice       ####....     4%          3    None
 Confusing Touch          Hex            ##....       5%          1    None
 Sticky Flame             Conj/Fire      #####...     6%          4    ##.....
 Confuse                  Hex            ##......     16%         3    None
 Gell's Gravitas          Tloc           ##........   16%         3    None
 Inner Flame              Hex/Fire       ##......     16%         3    None
 Summon Ice Beast         Ice/Summ       ####....     16%         4    ##.....
 Fireball                 Conj/Fire      #####.....   17%         5    ####...
 Metabolic Englaciation   Hex/Ice        ####......   38%         5    ####...
 Petrify                  Tmut/Erth      ##......     45%         4    ##.....
 Yara's Violent Unravell  Hex/Tmut       ##........   82%         5    ####...


Dungeon Overview and Level Annotations

Branches:
Dungeon (10/15)            Temple (1/1) D:4            Lair (0/6) D:9
    Orc: D:9-12

Altars:
Ashenzari
Cheibriados
Dithmenos
Elyvilon
Fedhas
Gozag
Hepliaklqana
Kikubaaqudgha
Makhleb
Nemelex Xobeh
Okawaru
Qazlal
Ru
Sif Muna
Trog
Uskayaw
Vehumet
Wu Jian
Xom
Yredelemnul
Zin
The Shining One

Shops:
D:8 }

Annotations:
D:3 Grinder
D:10 exclusion: Erolcha


Innate Abilities, Weirdness & Mutations

You can breathe blasts of noxious fumes.
Your lurid green scales are hard. (AC +7)
You cannot fit into any form of body armour.
Your system is resistant to poisons. (rPois)
You are cold-blooded and may be slowed by cold attacks.


Message History

The two-headed ogre closely misses you.
Okay, then.
It was a potion of berserk rage.
A red film seems to cover your vision as you go berserk!
You feel yourself moving faster!
You feel mighty! The yaktaur misses you.
You slash the yaktaur!
The yaktaur is heavily wounded.
The two-headed ogre misses you.
The two-headed ogre completely misses you.
The yaktaur completely misses you.
You slice the yaktaur!!
You kill the yaktaur!
Sif Muna accepts your kill.
The two-headed ogre hits you with a giant club!!
* * * LOW HITPOINT WARNING * * *
The two-headed ogre completely misses you.
You slash the two-headed ogre! You tail-slap the two-headed ogre!
The two-headed ogre is severely wounded.
The two-headed ogre hits you with a giant club!
You die...

.# #....# .# #....# ## ##
#####.#####...# ... #!
#.........#...#### .#..##[
#..######.#....... .....).
#.#.###[#.#...####
#.....###.##.#.##)#...###.
#.O{oO)###.###.'....(..
#.....###@##.#.##.#..#.###
....... #.#.###)#)#.......
.#..##! #.######).#.#..###
... #? #.......).#.#..# ##
## #####.#####.#..# #.#
..#..# #.# .##..# ..# .
.##


You could see a two-headed ogre, an ogre and an orc.

Vanquished Creatures
  Erolcha (D:10)
  Harold (D:10)
  2 two-headed ogres
  Nergalle (D:10)
  Pikel (D:7)
  A cyclops (D:8)
  Joseph (D:8)
  Psyche (D:8)
  A yaktaur (D:10)
  Prince Ribbit (D:5)
  A hippogriff (D:7)
  6 yaks
  A human (D:8)
  4 hogs (D:8)
  A steam dragon (D:7)
  Grum (D:9)
  A water moccasin (D:8)
  5 porcupines
  A slave (D:7)
  2 orc warriors (D:10)
  3 sky beasts
  3 black bears (D:9)
  A hornet zombie (D:9)
  3 ice beasts
  A necrophage (D:10)
  3 eyes of draining (D:3)
  A phantom (D:6)
  7 ogres
  3 wolves (D:9)
  3 centaurs
  7 bullfrogs
  2 wyvern zombies (D:10)
  A scorpion (D:8)
  A wyvern skeleton (D:10)
  3 killer bees (D:9)
  10 wights
  6 crimson imps
  2 bullfrog zombies (D:5)
  4 centaur zombies
  8 hounds
  4 orc priests
  3 jellies
  2 gnoll shamans
  3 bullfrog skeletons
  2 centaur skeletons
  6 orc wizards
  Natasha (twice) (D:4)
  Ijyb (D:5)
  5 iguanas
  8 worker ants
  2 hound zombies
  3 hound skeletons
  A howler monkey zombie (D:5)
  A howler monkey skeleton (D:6)
  16 gnolls
  16 adders
  A shadow imp (D:8)
  2 oozes
  2 adder zombies (D:5)
  3 adder skeletons
  5 worms
  A dart slug (D:1)
  3 leopard geckos
  48 orcs
  7 bats
  4 giant cockroaches (D:1)
  7 goblins
  6 hobgoblins
  9 jackals
  11 quokkas
  4 frilled lizards
  A jackal zombie (D:5)
  5 kobolds
  A leopard gecko skeleton (D:5)
  A leopard gecko zombie (D:5)
  A quokka zombie (D:5)
  5 rats
308 creatures vanquished.

Vanquished Creatures (others)
  2 slaves (D:7)
  A human (D:8)
  A centaur (D:7)
  22 fungi (D:9)
  A plant (D:9)
27 creatures vanquished.

Grand Total: 335 creatures vanquished

Notes
Turn   | Place    | Note
-------+----------+-------------------------------------------
     0 | D:1      | CheiIsBae the Draconian Ice Elementalist began the quest
                  | for the Orb.
     0 | D:1      | Reached XP level 1. HP: 14/14 MP: 3/3
   214 | D:1      | Reached XP level 2. HP: 20/20 MP: 0/5
   425 | D:1      | Learned a level 2 spell: Throw Frost
  1280 | D:2      | Reached XP level 3. HP: 26/26 MP: 2/6
  1755 | D:2      | Reached XP level 4. HP: 20/33 MP: 4/7
  2164 | D:2      | HP: 1/33 [adder (3)]
  2512 | D:3      | Learned a level 4 spell: Throw Icicle
  2526 | D:3      | Reached XP level 5. HP: 29/38 MP: 2/8
  3310 | D:3      | Found a bloodstained altar of Trog.
  3310 | D:3      | Noticed an eye of draining
  3310 | D:3      | Noticed an eye of draining
  3310 | D:3      | Noticed an eye of draining
  3497 | D:3      | Killed an eye of draining
  3497 | D:3      | Reached XP level 6. HP: 45/45 MP: 0/9
  3617 | D:3      | Reached skill level 5 in Conjurations
  3617 | D:3      | Reached skill level 5 in Ice Magic
  3977 | D:4      | Your scales start taking on a lurid green colour.
  3977 | D:4      | Reached XP level 7. HP: 26/50 MP: 4/10
  3977 | D:4      | Gained mutation: Your system is resistant to poisons.
                  | (rPois) [Green Draconian growth]
  4152 | D:4      | Found a staircase to the Ecumenical Temple.
  4156 | D:4      | Noticed Grinder
  4451 | D:4      | Paralysed by Grinder for 6 turns
  4601 | Temple   | Entered the Ecumenical Temple
  4727 | Temple   | Became a worshipper of Sif Muna the Loreminder
  4900 | D:4      | Reached skill level 1 in Fighting
  4900 | D:4      | Reached skill level 1 in Invocations
  5058 | D:4      | Noticed Natasha
  5063 | D:4      | Killed Natasha
  5125 | D:4      | Noticed Natasha
  5263 | D:4      | Killed Natasha
  5475 | D:4      | Got a clouded granite ring
  5601 | D:5      | Entered Level 5 of the Dungeon
  5639 | D:5      | Reached XP level 8. HP: 43/61 MP: 8/11
  6007 | D:4      | Reached * piety under Sif Muna
  6352 | D:5      | Identified the ring of Giedwy {rPois rC++ Str-3 Int+3
                  | Dex+2} (You found it on level 4 of the Dungeon)
  6727 | D:5      | Found a hazy altar of Hepliaklqana.
  6745 | D:5      | Found a shadowy altar of Dithmenos.
  7078 | D:5      | Noticed Ijyb
  7081 | D:5      | Noticed Prince Ribbit
  7087 | D:5      | Killed Ijyb
  7439 | D:5      | Killed Prince Ribbit
  7439 | D:5      | Reached XP level 9. HP: 71/71 MP: 9/14
  7549 | D:6      | Reached ** piety under Sif Muna
  9135 | D:6      | Reached skill level 5 in Fighting
  9135 | D:6      | Reached skill level 5 in Invocations
  9782 | D:7      | Reached *** piety under Sif Muna
  9838 | D:7      | Reached skill level 5 in Spellcasting
 10064 | D:7      | Noticed Pikel
 10077 | D:7      | Killed Pikel
 10077 | D:7      | Reached XP level 10. HP: 72/83 MP: 0/17
 10212 | D:8      | Found Cizoji Varee's Gadget Emporium.
 10255 | D:8      | Bought a wand of disintegration (7) for 132 gold pieces
 10301 | D:8      | Found an ancient bone altar of Kikubaaqudgha.
 10717 | D:8      | Noticed Psyche
 10754 | D:8      | Killed Psyche
 10754 | D:8      | Reached skill level 10 in Conjurations
 10961 | D:8      | Found a snail-covered altar of Cheibriados.
 11036 | D:8      | Got an encrusted scimitar
 11101 | D:8      | Learned a level 3 spell: Conjure Flame
 11180 | D:8      | Noticed a cyclops
 11193 | D:8      | Killed a cyclops
 11401 | D:8      | HP: 4/86 [hog (6)]
 11870 | D:8      | Reached **** piety under Sif Muna
 12067 | D:8      | Noticed Joseph
 12635 | D:8      | Killed Joseph
 13405 | D:9      | Found a shattered altar of Ashenzari.
 13517 | D:9      | Reached XP level 11. HP: 87/95 MP: 0/22
 13738 | D:9      | Found a burning altar of Makhleb.
 13738 | D:9      | Found a shimmering altar of Xom.
 13785 | D:9      | Found a shattered altar of Ashenzari.
 13805 | D:9      | Found a staircase to the Lair.
 14158 | D:9      | Noticed a two-headed ogre
 14166 | D:9      | Killed a two-headed ogre
 14344 | D:9      | Noticed Grum
 14377 | D:9      | Killed Grum
 14516 | D:9      | Found a radiant altar of Vehumet.
 14581 | D:9      | Found a glowing silver altar of Zin.
 14696 | D:10     | Entered Level 10 of the Dungeon
 14739 | D:10     | Identified the +9 scimitar "Spiderbane" {slice, Int+4
                  | Dex+6} (You found it on level 8 of the Dungeon)
 14882 | D:10     | Noticed Erolcha
 14895 | D:10     | Killed Erolcha
 14895 | D:10     | Reached skill level 10 in Fighting
 15047 | D:10     | Noticed Harold
 15060 | D:10     | Killed Harold
 15183 | D:10     | Noticed a two-headed ogre
 15188 | D:10     | Killed a two-headed ogre
 15292 | D:10     | Noticed Nergalle
 15594 | D:10     | Noticed a two-headed ogre
 15621 | D:10     | Killed Nergalle
 15628 | D:10     | Slain by a two-headed ogre

Vault maps used:
D:1:      co_arrival_square_in_a_square_in_a_square, minmay_pentomino_t2
D:2:      grunt_ministairs_10
D:3:      trog_eyes_of_draining
D:4:      temple_fountains, eino_curves_03, due_unseen_surprise, uniq_natasha,
          uniq_grinder
D:5:      nicolae_overflow_hidden_temple, nicolae_dithmenos_shadow_blocks,
          first_ration, serial_undead, serial_undead_b, serial_undead_b,
          serial_undead_c, serial_undead_c, serial_undead_f, serial_undead_f,
          uniq_ijyb, uniq_prince_ribbit1
D:7:      uniq_pikel
D:8:      slow_altar_2, serial_shops, nicolae_shop_waterfront, grunt_livestock,
          tgw_kikubaaqudgha, uniq_joseph, uniq_psyche
D:9:      grunt_temple_overflow_champion_of_chaos,
          lemuel_coloured_pillars_altar, overflow_temple_1_default,
          ashenzari_conservatory_becter, due_lair_maze_entry_diamond,
          ashenzari_altar_1, uniq_grum
D:10:     minmay_the_grid_plus_closed, uniq_nergalle, uniq_erolcha, uniq_harold
Temple:   dshaligram_water_room_temple

Skill      XL: |  1  2  3  4  5  6  7  8  9 10 11 |
---------------+----------------------------------+-----
Conjurations   | 2 3 4 5 6 8 9 10 | 10.6
Ice Magic      | 4 5 6 |  6.0
Fighting       | 2 4 5 8 10 | 10.4
Invocations    | 2 4 5 6 |  6.0
Spellcasting   | 3 5 7 8 |  8.7
Dodging        | 4 |  4.7
Stealth        | |  1.7

Action                   |  1- 3 |  4- 6 |  7- 9 | 10-12 || total
-------------------------+-------+-------+-------+-------++-------
Melee: Unarmed           |    26 |   207 |   358 |       ||   591
       Tailslap          |     3 |    41 |    50 |    36 ||   130
       Spear             |     3 |       |       |       ||     3
       Dagger            |       |       |    26 |   146 ||   172
       Scimitar          |       |       |       |    43 ||    43
 Cast: Freeze            |    62 |    96 |   168 |    67 ||   393
       Throw Frost       |       |       |    42 |    71 ||   113
       Throw Icicle      |       |       |    58 |   136 ||   194
       Conjure Flame     |       |       |       |     1 ||     1
Invok: Divine Energy     |       |       |     1 |       ||     1
       Channel Magic     |       |       |       |     5 ||     5
 Abil: Breathe Noxious F |       |       |     7 |    10 ||    17
Evoke: Wand              |       |       |    13 |     3 ||    16
  Use: Scroll            |     4 |     1 |     9 |     8 ||    22
       Potion            |       |       |     9 |     8 ||    17
 Stab: Paralysed         |       |       |     7 |     3 ||    10
       Sleeping          |       |       |     1 |     3 ||     4
  Eat: Chunk             |     4 |     8 |    23 |    20 ||    55
       Ration            |       |       |     3 |     4 ||     7
Armor: Skin              |    22 |    33 |   179 |   120 ||   354
Dodge: Dodged            |    61 |    99 |   578 |   367 ||  1105
       Rpst.: Scimitar   |       |       |       |    15 ||    15

Table legend:
 A = Non-vault XP
 B = Vault XP
 C = Vault XP percentage of total XP
 D = Non-vault monster count
 E = Vault monster count
 F = Vault count percentage of total count
                 A         B        C        D         E       F
            +---------+---------+-------+---------+---------+-------
      Total |   10825 |    8947 |  45.3 |     255 |      52 |  16.9
            +---------+---------+-------+---------+---------+-------
        D:1 |      33 |       3 |   8.3 |      19 |       2 |   9.5
        D:2 |     123 |       0 |   0.0 |      19 |       0 |   0.0
        D:3 |     158 |     369 |  70.0 |      30 |       5 |  14.3
        D:4 |     851 |      37 |   4.2 |      28 |       1 |   3.4
        D:5 |     725 |     512 |  41.4 |      20 |      13 |  39.4
        D:6 |    1184 |       0 |   0.0 |      32 |       0 |   0.0
        D:7 |    1154 |     651 |  36.1 |      25 |       1 |   3.8
        D:8 |    1935 |    2450 |  55.9 |      31 |      12 |  27.9
        D:9 |    1863 |    1421 |  43.3 |      22 |      12 |  35.3
       D:10 |    2757 |    3504 |  56.0 |      28 |       6 |  17.6
     Temple |      42 |       0 |   0.0 |       1 |       0 |   0.0
            +---------+---------+-------+---------+---------+-------
